 Dungeon Crawl Stone Soup version 0.27-a0-1278-g6cbc8dfb29 (webtiles) character file.

Game seed: 9474034199580027082

12830 polve the Spear-Bearer (level 11, 0/114 HPs)
             Began as a Tengu Berserker on June 12, 2021.
             Was a High Priest of Trog.
             Slain by a komodo dragon (9 damage)
             ... on level 2 of the Lair of Beasts.
             The game lasted 00:12:56 (10938 turns).

polve the Spear-Bearer (Tengu Berserker)           Turns: 10938, Time: 00:12:56

Health: 0/114      AC: 13    Str: 22    XL:     11   Next: 99%
Magic:  12/12      EV: 10    Int:  7    God:    Trog [*****.]
Gold:   896        SH:  0    Dex: 13    Spells: 10/10 levels left

rFire    + . .     SeeInvis .   n - +2 glaive (flame)
rCold    . . .     Faith    .   (shield currently unavailable)
rNeg     . . .     Spirit   .   d - +0 plate armour
rPois    .         Reflect  .   (helmet restricted)
rElec    .         Harm     .   (no cloak)
rCorr    +         Rampage  .   q - +0 pair of gloves
Will     .....                  (boots unavailable)
Stlth    ..........             D - amulet of regeneration
HPRegen  1.29/turn              c - ring of resist corrosion
MPRegen  0.13/turn              z - ring of protection from fire

@: berserking (expiring), flying quickly and evasively, very quick
A: beak, talons 3, nimble flight
a: Renounce Religion, Berserk, Trog's Hand, Brothers in Arms


You were on level 2 of the Lair of Beasts.
You worshipped Trog.
Trog was extremely pleased with you.
You visited 2 branches of the dungeon, and saw 11 of its levels.
You also visited: Sewer and Ossuary.

You collected 1008 gold pieces.
You spent 112 gold pieces at shops.

Inventory:

Hand Weapons
 n - a +2 glaive of flaming (weapon)
Missiles
 w - 4 boomerangs of dispersal
 E - a throwing net
 F - 2 curare-tipped darts
Armour
 d - a +0 plate armour (worn)
 q - a +0 pair of gloves (worn)
Jewellery
 c - a ring of resist corrosion (left hand)
 s - a ring of wizardry
 z - a ring of protection from fire (right hand)
 D - an amulet of regeneration (around neck)
Wands
 t - a wand of iceblast (8)
 A - a wand of polymorph (6)
Scrolls
 a - 2 scrolls of blinking {unknown}
 e - 9 scrolls of teleportation
 h - 6 scrolls of magic mapping
 i - 3 scrolls of immolation
 k - a scroll of fog {unknown}
 m - a scroll of enchant weapon
 r - 2 scrolls of vulnerability
 u - a scroll of identify
 y - 2 scrolls of enchant armour {unknown}
 H - 2 scrolls of summoning
Potions
 b - 3 potions of ambrosia
 f - 4 potions of heal wounds
 g - a potion of cancellation {unknown}
 j - 5 potions of attraction
 l - 5 potions of curing
 o - 2 potions of haste {unknown}
 p - 3 potions of magic
 B - 2 potions of lignification
 C - 2 potions of invisibility


   Skills:
 + Level 11.9 Fighting
 - Level 14.0 Polearms
 - Level 6.0 Armour
 - Level 6.0 Dodging


You had 10 spell levels left.
You didn't know any spells.
Your spell library was empty.

Dungeon Overview and Level Annotations

Branches:
Dungeon (9/15)             Temple (0/1) D:6            Lair (2/6) D:8
    Orc (0/2) D:9           Sewer (visited)         Ossuary (visited)
  Swamp: Lair:2-4    Shoals: Lair:2-4     Snake: Lair:2-4    Spider: Lair:2-4

Altars:
Dithmenos
Elyvilon
Hepliaklqana
Kikubaaqudgha
Makhleb
Nemelex Xobeh
Okawaru
Qazlal
Ru
Trog
Uskayaw
Yredelemnul
The Shining One

Shops:
D:4 !   D:9 :

Annotations:
D:7 2 transporters, askman's ghost, novice TrMo
Lair:1 exclusion: oklob plant


Innate Abilities, Weirdness & Mutations

You have a beak for a mouth.
You have claws for feet.
Your magical nature lets you fly swiftly and evasively.


Message History

Press: ? - help, Dir - move target, f - komodo dragon
Aim: a komodo dragon (about 27% to evade your +2 glaive of flaming)
You hit the komodo dragon. You burn the komodo dragon.
You claw the komodo dragon!
You peck the komodo dragon, but do no damage.
The komodo dragon is moderately wounded.
The komodo dragon bites you!
* * * LOW HITPOINT WARNING * * *
Reach: n) +2 glaive (flame)
Press: ? - help, Dir - move target, f/p - komodo dragon
Aim: a komodo dragon (moderately wounded, about 27% to evade your +2 glaive of flaming)
You barely miss the komodo dragon. You claw the komodo dragon.
The komodo dragon is moderately wounded.
Reach: n) +2 glaive (flame)
Press: ? - help, Dir - move target, f/p - komodo dragon
Aim: a komodo dragon (moderately wounded, about 28% to evade your +2 glaive of flaming)
You closely miss the komodo dragon. You claw the komodo dragon!
The komodo dragon is severely wounded.
The komodo dragon bites you!!
* * * LOW HITPOINT WARNING * * *
Reach: n) +2 glaive (flame)
Press: ? - help, Dir - move target, f/p - komodo dragon
Aim: a komodo dragon (severely wounded, about 27% to evade your +2 glaive of flaming)
Your plate armour prevents you from hitting the komodo dragon.
You claw the komodo dragon! You peck the komodo dragon.
The komodo dragon is almost dead.
Reach: n) +2 glaive (flame)
Press: ? - help, Dir - move target, f/p - komodo dragon
Aim: a komodo dragon (almost dead, about 27% to evade your +2 glaive of flaming)
You hit the komodo dragon. You burn the komodo dragon.
You kill the komodo dragon!
Trog accepts your kill.
Reach: n) +2 glaive (flame)
Press: ? - help, Dir - move target, f - komodo dragon
Aim: a komodo dragon (about 27% to evade your +2 glaive of flaming)
You hit the komodo dragon. You burn the komodo dragon.
You claw the komodo dragon!
The komodo dragon is moderately wounded.
The komodo dragon bites you!
You die...

#............##...# .....
#....##.#P...###.###.....
#...#.#.###..## #..###....
.............##.#...#.....
..........................
.......................
.......................
..#######.P...... .
#...@#..###P ........l..#
#.......S..# .......##....
....... ..##.# ....... .##
[ #...... . ...#### .


You could see a komodo dragon and a water moccasin.

Vanquished Creatures
  A hydra (Lair:1)
  Pikel (D:8)
  A manticore (D:7)
  A black mamba (Lair:2)
  4 komodo dragons
  5 blink frogs (Lair:2)
  2 basilisks
  16 yaks
  A wyvern (D:8)
  2 steam dragons
  Menkaure (D:6)
  10 water moccasins
  Duvessa (D:5)
  2 sky beasts (D:5)
  2 orc warriors (D:8)
  6 black bears
  An ogre (D:5)
  2 wolves (D:8)
  A centaur (D:6)
  A lemure (D:8)
  4 elf zombies
  8 bullfrogs
  4 scorpions
  A gnoll sergeant (D:5)
  Dowan (D:5)
  An elf skeleton (D:4)
  A wyvern skeleton (D:7)
  3 killer bees (D:8)
  8 wights
  An electric eel (Lair:1)
  A bullfrog zombie (D:5)
  5 centaur zombies
  5 human zombies (Ossuary)
  A hound (D:5)
  A gnoll shaman (D:7)
  A human skeleton (D:4)
  3 iguanas
  13 orc wizards
  2 hound skeletons
  3 mummies (Ossuary)
  2 howler monkey zombies (D:8)
  8 gnolls
  10 adders
  2 river rats (Sewer)
  A shadow imp (D:6)
  A white imp (D:7)
  2 ufetubi
  2 worms (D:2)
  3 dart slugs
  11 orcs
  8 ball pythons
  6 bats
  9 endoplasms
  7 giant cockroaches
  6 hobgoblins
  19 jackals
  6 kobolds
  4 quokkas
  15 frilled lizards
  9 goblins
  2 orc skeletons (D:4)
  An orc zombie (D:4)
  14 rats
276 creatures vanquished.

Vanquished Creatures (collateral kills)
  Harold (D:7)
1 creature vanquished.

Vanquished Creatures (others)
  6 fungi
  14 plants
20 creatures vanquished.

Grand Total: 297 creatures vanquished

Notes
Turn   | Place    | Note
-------+----------+-------------------------------------------
     0 | D:1      | polve the Tengu Berserker began the quest for the Orb.
     0 | D:1      | Reached XP level 1. HP: 14/14 MP: 2/2
    30 | D:1      | Reached skill level 4 in Polearms
    30 | D:1      | Reached XP level 2. HP: 11/19 MP: 3/3
   315 | D:1      | Reached XP level 3. HP: 23/23 MP: 4/4
   476 | D:1      | Reached ** piety under Trog
   814 | D:2      | Reached skill level 5 in Polearms
   870 | D:2      | Reached XP level 4. HP: 28/28 MP: 5/5
  1705 | D:3      | Reached skill level 6 in Polearms
  1772 | D:3      | Gained mutation: Your magical nature lets you fly swiftly
                  | and evasively. [Tengu growth]
  1772 | D:3      | Reached XP level 5. HP: 32/32 MP: 6/6
  1792 | D:3      | Reached *** piety under Trog
  1901 | D:3      | Found a basalt altar of Yredelemnul.
  2125 | D:3      | Found a sacrificial altar of Ru.
  2215 | D:3      | Reached skill level 7 in Polearms
  2257 | D:3      | Found a glowing drain.
  2261 | Sewer    | Entered a sewer
  2268 | Sewer    | Reached XP level 6. HP: 37/37 MP: 7/7
  2578 | Sewer    | Reached **** piety under Trog
  2864 | D:4      | Found a shadowy altar of Dithmenos.
  3241 | D:4      | Reached skill level 8 in Polearms
  3249 | D:4      | Found a sand-covered staircase.
  3255 | Ossuary  | Entered an ossuary
  3313 | Ossuary  | Reached XP level 7. HP: 21/43 MP: 8/8
  3516 | Ossuary  | Reached skill level 5 in Fighting
  3934 | Ossuary  | Reached XP level 8. HP: 36/52 MP: 9/9
  4270 | D:4      | Found Aguxzaiz's Distillery.
  4274 | D:4      | Bought a potion of curing for 42 gold pieces
  4274 | D:4      | Bought a potion of heal wounds for 70 gold pieces
  4992 | D:5      | Entered Level 5 of the Dungeon
  5186 | D:5      | Found a glowing golden altar of the Shining One.
  5372 | D:5      | Noticed Dowan
  5376 | D:5      | Noticed Duvessa
  5387 | D:5      | Killed Duvessa
  5393 | D:5      | Killed Dowan
  5431 | D:5      | Found a white marble altar of Elyvilon.
  5493 | D:5      | Reached XP level 9. HP: 59/59 MP: 10/10
  5612 | D:5      | Reached skill level 5 in Armour
  5612 | D:5      | Reached skill level 5 in Dodging
  6313 | D:6      | Found a staircase to the Ecumenical Temple.
  6514 | D:6      | Noticed Menkaure
  6520 | D:6      | Killed Menkaure
  6799 | D:6      | Reached skill level 9 in Polearms
  7187 | D:7      | Noticed Harold
  7203 | D:7      | Killed Harold
  7204 | D:7      | Reached skill level 10 in Polearms
  7305 | D:7      | Noticed a moth of wrath
  7305 | D:7      | Noticed a cyclops
  7306 | D:7      | Noticed askman's ghost (novice TrMo)
  7306 | D:7      | Noticed a troll
  7318 | D:7      | Found a transporter.
  7319 | D:7      | Found a bloodstained altar of Trog.
  7327 | D:7      | Found a transporter.
  7340 | D:7      | Reached XP level 10. HP: 64/64 MP: 11/11
  7456 | D:7      | Noticed a manticore
  7463 | D:7      | Killed a manticore
  7464 | D:7      | Reached skill level 11 in Polearms
  8446 | D:8      | Noticed Pikel
  8477 | D:8      | Killed Pikel
  8478 | D:8      | Reached skill level 12 in Polearms
  8768 | D:8      | Found a staircase to the Lair.
  8842 | D:8      | Reached skill level 13 in Polearms
  8976 | D:8      | Reached ***** piety under Trog
  9106 | D:8      | Found a hide-covered altar of Uskayaw.
  9106 | D:8      | Found a bloodstained altar of Trog.
  9275 | D:9      | Found a burning altar of Makhleb.
  9281 | D:9      | Found a stormy altar of Qazlal.
  9281 | D:9      | Found a hazy altar of Hepliaklqana.
  9284 | D:9      | Found an ancient bone altar of Kikubaaqudgha.
  9289 | D:9      | Found a sparkling altar of Nemelex Xobeh.
  9336 | D:9      | Reached XP level 11. HP: 69/69 MP: 12/12
  9357 | D:9      | Reached skill level 14 in Polearms
  9368 | D:9      | Found Ewusenem's Book Boutique.
  9374 | D:9      | Found a staircase to the Orcish Mines.
  9436 | D:9      | Found an iron altar of Okawaru.
  9464 | D:9      | Noticed a manticore
  9464 | D:9      | Noticed a centaur warrior
  9464 | D:9      | Noticed a centaur warrior
  9465 | D:9      | Noticed a purple ugly thing
  9482 | D:9      | HP: 2/69 [centaur warrior/arrow (16)]
  9569 | Lair:1   | Entered Level 1 of the Lair of Beasts
  9592 | Lair:1   | Identified a scroll of acquirement
  9596 | Lair:1   | Acquired 326 gold pieces
  9741 | Lair:1   | Noticed a four-headed hydra
  9767 | Lair:1   | Killed a four-headed hydra
  9767 | Lair:1   | Received a gift from Trog
  9847 | Lair:1   | Reached skill level 10 in Fighting
 10086 | Lair:1   | Found a shadowy altar of Dithmenos.
 10086 | Lair:1   | Noticed an oklob plant
 10938 | Lair:2   | Slain by a komodo dragon

Illustrated notes

Levels and vault maps discovered:
D:1:      minmay_arrival_jagged, layout_basic
D:2:      layout_basic, serial_forest, infiniplex_forest_lined_2,
          minmay_door_square, minmay_indecisive_spiral
D:3:      layout_basic, yredelemnul_altar_generic, hangedman_ru_absence,
          gup_sewer_entry_spiral
D:4:      layout_basic, marbit_many_paths, serial_shops, nicolae_shop_trees,
          nicolae_ossuary_entry_catacombs, serial_bayou_ford_a
D:5:      layout_layer_cave, lemuel_tele_altar, amcnicky_altar_gilded,
          serial_glass, glass_columns_a, glass_columns_a,
          minmay_fractal_squares_5, uniq_duvessa
D:6:      layout_basic, minmay_temple_entry_junction, uniq_menkaure
D:7:      layout_loops_ring, gammafunk_ghost_wrathful_warriors, uniq_harold
D:8:      layout_gridville, gammafunk_temple_overflow_statue,
          minmay_lair_entry_grove, uniq_pikel
D:9:      layout_irregular_city, okawaru_altar_gauntlet_db, minitemple,
          orc_0_dummy, serial_shops, shop, shop, minivault_28
Lair:1:   layout_small_grid, nicolae_quartered_pool_little, lemuel_oklob_altar,
          grunt_megastairs_5
Lair:2:   layout_regular_city, spider_nest_entry_webs, beast_lair_carwin_3,
          infiniplex_staircase_pool

Skill      XL: |  1  2  3  4  5  6  7  8  9 10 11 |
---------------+----------------------------------+-----
Polearms       | 4 5 6 7 8 10 13 14 | 14.0
Fighting       | 4 6 8 11 | 11.9
Armour         | 4 6 |  6.0
Dodging        | 4 6 |  6.0

Action                   |  1- 3 |  4- 6 |  7- 9 | 10-12 || total
-------------------------+-------+-------+-------+-------++-------
Melee: Spear             |    81 |   278 |   367 |   112 ||   838
       Peck              |     9 |    37 |    72 |    57 ||   175
       Kick              |     9 |    73 |   111 |   123 ||   316
       Trident           |       |       |       |   169 ||   169
       Glaive            |       |       |       |    98 ||    98
Invok: Berserk           |     1 |       |    13 |    13 ||    27
       Brothers in Arms  |       |       |     1 |       ||     1
  Use: Scroll            |       |       |       |    17 ||    17
Armor: Animal skin       |     3 |       |       |       ||     3
       Plate armour      |    25 |    73 |    95 |    77 ||   270
Dodge: Dodged            |    21 |    48 |    72 |   114 ||   255
Block: Other             |       |    16 |    43 |       ||    59

Table legend: (Time is in decaauts)
 A = Elapsed time spent in this place.
 B = Non-inter-level travel time spent in this place.
 C = Inter-level travel time spent in this place.
 D = Time resting spent in this place.
 E = Time spent auto-exploring this place.
 F = Levels seen in this place.
 G = Mean time per level.
                   A        B        C        D        E       F      G
               +--------+--------+--------+--------+--------+-----+--------+
         Total |  10325 |  10034 |    291 |    311 |   8111 |  13 |  794.2 |
       Dungeon |   8032 |   7780 |    252 |    306 |   6337 |   9 |  892.4 |
          Lair |   1267 |   1229 |     38 |      5 |    961 |   2 |  633.5 |
         Sewer |    305 |    305 |      0 |      0 |    239 |   1 |  305.0 |
       Ossuary |    719 |    719 |      0 |      0 |    572 |   1 |  719.0 |
               +--------+--------+--------+--------+--------+-----+--------+

Top non-repeatable levels by time:
     D:4: 1416 daAuts
     D:7: 1305 daAuts
  Lair:1: 1055 daAuts
     D:6: 1035 daAuts
     D:5: 898 daAuts
     D:8: 832 daAuts
     D:1: 800 daAuts
     D:2: 783 daAuts
 Ossuary: 719 daAuts
     D:3: 698 daAuts
   Sewer: 305 daAuts
     D:9: 262 daAuts
  Lair:2: 212 daAuts
